 Dungeon Crawl Stone Soup version 0.19.1-28-ge1247f7 (webtiles) character file.

1214 Messajah the Cleaver (level 8, -1/64 HPs)
             Began as a Minotaur Fighter on Jan 21, 2017.
             Was a Believer of Okawaru.
             Slain by a wyvern zombie (8 damage)
             ... on level 7 of the Dungeon.
             The game lasted 00:36:26 (4689 turns).

Messajah the Cleaver (Minotaur Fighter)             Turns: 4689, Time: 00:36:27

Health: -1/64      AC: 15    Str: 20    XL:     8   Next: 22%
Magic:  7/7        EV:  7    Int:  5    God:    Okawaru [**....]
Gold:   272        SH:  0    Dex: 13    Spells: 0 memorised, 7 levels left

rFire  . . .     SeeInvis .     a - +0 war axe
rCold  . . .     Gourm    .     g - +2 chain mail {rPois}
rNeg   . . .     Faith    .     (no shield)
rPois  +         Spirit   .     (helmet restricted)
rElec  .         Reflect  .     p - +2 cloak
rCorr  +         Harm     .     y - +0 pair of gloves
MR     .....                    (no boots)
Stlth  ..........               (no amulet)
                                s - ring of flight
                                i - ring of resist corrosion

@: no status effects
A: retaliatory headbutt, horns 2
a: Heroism, Renounce Religion, Evoke Flight


You were on level 7 of the Dungeon.
You worshipped Okawaru.
Okawaru was pleased with you.
You were hungry.

You visited 1 branch of the dungeon, and saw 7 of its levels.

You collected 272 gold pieces.

Inventory:

Hand Weapons
 a - a +0 war axe (weapon)
Missiles
 l - 2 javelins of returning (quivered)
 n - a throwing net
Armour
 g - a +2 chain mail of poison resistance (worn)
 p - a +2 cloak (worn)
 y - a +0 pair of gloves (worn)
Jewellery
 c - a +5 ring of evasion {unknown}
 i - a ring of resist corrosion (left hand)
 r - a cursed ring of loudness {unknown}
 s - a ring of flight (right hand)
 t - a +5 ring of intelligence
Wands
 u - a wand of iceblast (8/15)
 B - a wand of slowing (24/48)
Scrolls
 m - 2 scrolls of magic mapping
 w - 3 scrolls of teleportation {unknown}
 x - 4 scrolls of recharging {unknown}
Potions
 b - a potion of flight
 d - 2 potions of might
 e - a potion of haste {unknown}
 h - 2 potions of lignification
 k - a potion of degeneration {unknown}
 o - a potion of magic
 q - 2 potions of mutation {unknown}
 v - a potion of cancellation {unknown}
 z - 2 potions of curing
Books
 j - a book of Minor Magic

   Spells                             Type                      Level
   a - Magic Dart                     Conjuration                  1
   b - Blink                          Translocation                2
   c - Call Imp                       Summoning                    2
   d - Repel Missiles                 Charms/Air                   2
   e - Slow                           Hexes                        2
   f - Conjure Flame                  Conjuration/Fire             3
   g - Mephitic Cloud                 Conjuration/Poison/Air       3
Comestibles
 f - 6 bread rations
 A - a meat ration


   Skills:
 - Level 3.6 Fighting
 * Level 11.7 Axes
 - Level 3.6 Armour
   Level 3.6 Shields


You had 7 spell levels left.
You didn't know any spells.

Dungeon Overview and Level Annotations

Branches:
Dungeon (7/15)
 Temple: D:4-7

Altars:
Dithmenos
Elyvilon
Hepliaklqana
Makhleb
Nemelex Xobeh
Okawaru
Qazlal
Sif Muna
Uskayaw

Annotations:
D:6 Menkaure


Innate Abilities, Weirdness & Mutations

You reflexively headbutt those who attack you in melee.
You have a pair of horns on your head.


Message History

The centaur hits you but does no damage. x2
You slash the centaur!
The centaur is severely wounded.
The centaur hits you.
* * * LOW HITPOINT WARNING * * *
You slash the centaur!
You kill the centaur!
Okawaru accepts your kill.
You feel better. The adder bites you but does no damage. The adder bites you.
* * * LOW HITPOINT WARNING * * *
You slash the adder!
You kill the adder!
Okawaru accepts your kill.
Your chain mail prevents you from hitting the wyvern zombie.
The wyvern zombie bites you!
* * * LOW HITPOINT WARNING * * *
You hit the wyvern zombie. You headbutt the wyvern zombie.
The wyvern zombie is lightly damaged.
The wyvern zombie bites you!
You die...

#.# #.# #.#
#.# ##.# ..#
#.#
#@#########.
#Z##........
#.##<######
#......Z....
#..)........
####.#######
#... #####


You could see a wyvern zombie.

Vanquished Creatures
  An ice beast (D:5)
  2 ogres
  A phantom (D:5)
  A centaur (D:7)
  A bullfrog (D:7)
  A howler monkey (D:5)
  A hound (D:5)
  A bullfrog skeleton (D:6)
  3 orc priests (D:5)
  4 orc wizards
  A centaur skeleton (D:3)
  3 worker ants
  Jessica (D:2)
  An iguana (D:6)
  Ijyb (D:3)
  A hound zombie (D:5)
  A hound skeleton (D:5)
  4 gnolls (D:4)
  5 adders
  A howler monkey skeleton (D:4)
  An ooze (D:3)
  3 adder skeletons
  A worm (D:2)
  5 leopard geckos
  18 orcs
  10 bats
  4 giant cockroaches
  4 goblins
  8 hobgoblins
  7 jackals
  2 quokkas
  4 frilled lizards
  4 kobolds
  A leopard gecko skeleton (D:5)
  2 leopard gecko zombies
  4 quokka skeletons
  7 rats
120 creatures vanquished.

Notes
Turn   | Place    | Note
-------+----------+-------------------------------------------
     0 | D:1      | Messajah the Minotaur Fighter began the quest for the Orb.
     0 | D:1      | Reached XP level 1. HP: 19/19 MP: 0/0
    90 | D:1      | Reached skill level 3 in Axes
   183 | D:1      | Reached XP level 2. HP: 26/26 MP: 1/1
   386 | D:1      | You fall through a shaft!
   564 | D:1      | Reached skill level 4 in Axes
  1062 | D:2      | Reached XP level 3. HP: 31/31 MP: 2/2
  1283 | D:2      | Reached skill level 5 in Axes
  1331 | D:2      | Found a sparkling altar of Nemelex Xobeh.
  1331 | D:2      | Noticed Jessica
  1335 | D:2      | Killed Jessica
  1335 | D:2      | Reached XP level 4. HP: 33/39 MP: 3/3
  1435 | D:2      | Found a shadowy altar of Dithmenos.
  1436 | D:2      | Found a burning altar of Makhleb.
  1617 | D:3      | Reached skill level 6 in Axes
  1659 | D:3      | Found an iron altar of Okawaru.
  1664 | D:3      | Became a worshipper of Warmaster Okawaru
  1704 | D:3      | Noticed Ijyb
  1710 | D:3      | Killed Ijyb
  1710 | D:3      | Reached XP level 5. HP: 45/45 MP: 4/4
  2244 | D:3      | Found a stormy altar of Qazlal.
  2244 | D:3      | Noticed a water elemental
  2247 | D:3      | Noticed an air elemental
  2247 | D:3      | Noticed a fire elemental
  2304 | D:3      | Reached skill level 7 in Axes
  2811 | D:4      | Reached XP level 6. HP: 43/51 MP: 5/5
  2982 | D:4      | Reached * piety under Okawaru
  2982 | D:4      | Reached skill level 8 in Axes
  3193 | D:4      | Found a white marble altar of Elyvilon.
  3471 | D:5      | Entered Level 5 of the Dungeon
  3512 | D:5      | Reached skill level 9 in Axes
  3518 | D:5      | Reached XP level 7. HP: 46/57 MP: 6/6
  3884 | D:5      | Reached skill level 10 in Axes
  4177 | D:5      | Reached ** piety under Okawaru
  4177 | D:5      | Reached skill level 11 in Axes
  4469 | D:6      | Reached XP level 8. HP: 64/64 MP: 7/7
  4474 | D:6      | Noticed a dagger
  4474 | D:6      | Noticed a hand axe
  4478 | D:6      | Found a hide-covered altar of Uskayaw.
  4535 | D:6      | Found a deep blue altar of Sif Muna.
  4548 | D:6      | Found a hazy altar of Hepliaklqana.
  4652 | D:6      | Noticed Menkaure
  4689 | D:7      | Slain by a wyvern zombie

Skill      XL: |  1  2  3  4  5  6  7 |
---------------+----------------------+-----
Axes           | 3 4 5 6 7 9 11 | 11.7
Fighting       | |  3.6
Armour         | |  3.6
Shields        | |  3.6

Action                   |  1- 3 |  4- 6 |  7- 9 || total
-------------------------+-------+-------+-------++-------
Melee: War axe           |    87 |   125 |   120 ||   332
       Headbutt          |     8 |    25 |    27 ||    60
  Use: Scroll            |       |       |     6 ||     6
       Potion            |       |       |     1 ||     1
  Eat: Beef jerky        |     1 |       |       ||     1
       Chunk             |       |     6 |     4 ||    10
Armor: Scale mail        |    25 |       |       ||    25
       Chain mail        |    41 |    92 |    78 ||   211
Dodge: Dodged            |    33 |    44 |    27 ||   104
Block: Shield            |    35 |       |       ||    35
